Map: [ESL] Oceanborn

Players

gumiho

  • Race: Terran Terran
  • Spawn Location: 5:00

BlyOnFire (Bly) - Winner!

  • Race: Zerg Zerg
  • Spawn Location: 11:00

Event: IEM Katowice 2024

VOD

Have the link to the VOD?

Description

Time

  • Played on: Dec. 7, 2023, 2:09 p.m.
  • Length: 3:25

All games in this series

Show
View Real Time Build Order
Export as new Build Order

gumiho Terran 

Build Orders:  

Get SALT Encoding   

  12  0:00  SCV  
  13  0:12  SCV  
  14  0:18  Supply Depot  
  14  0:24  SCV  
  15  0:40  SCV  
  15  0:41  Barracks  
  16  0:52  SCV  
  18  1:04  SCV  
  18  1:05  Refinery  
  18  1:16  SCV  
  19  1:28  Orbital Command, Marine  
  20  1:35  Command Center  
  20  1:42  Supply Depot  
  20  1:46  Marine  
  21  1:55  SCV  
  21  2:01  Bunker  
  22  2:08  Barracks Tech Lab  
  22  2:10  SCV  
  23  2:18  Factory  
  23  2:22  SCV  
  24  2:27  Marauder  
  26  2:34  SCV  
  27  2:41  Refinery  
  27  2:46  SCV  
  27  2:54  Orbital Command  
Show
View Real Time Build Order
Export as new Build Order

BlyOnFire Zerg - Winner!

Build Orders: Hatch First 

Get SALT Encoding   

  12  0:00  Drone  
  13  0:12  Drone  
  14  0:35  Hatchery  
  13  0:50  Spawning Pool  
  13  0:54  Drone  
  13  0:59  Drone  
  14  1:07  Extractor, Drone  
  14  1:13  Extractor, Drone  
  14  1:23  Overlord  
  14  1:41  Roach Warren  
  14  1:42  Drone  
  14  1:44  Drone  
  15  1:50  Drone  
  16  2:03  Zergling x2  
  17  2:21  Roach x3  
  23  2:29  Overlord  
  23  2:33  Roach  
  25  2:42  Roach  
  26  2:53  Roach, Ravager  
  26  2:56  Ravager  
  27  3:07  Ravager  
  30  3:15  Ravager  

Tags
 
Add a new tag
Caveats
  • Supply blocks, unpowered buildings, or Contaminate may cause inaccurate times.
  • Supply counts are checked every 10 seconds.